 Seeded DCSS version 0.27-a0-1232-gc6a4cbde82 (webtiles) character file.

Game seed: 49 (custom seed)

18 Snicker the Sneak (level 2, 0/22 HPs)
             Began as a Demonspawn Brigand on June 8, 2021.
             Succumbed to an adder's poison
             ... on level 2 of the Dungeon.
             The game lasted 00:01:07 (1071 turns).

Snicker the Sneak (Demonspawn Brigand)              Turns: 1071, Time: 00:01:08

Health: 0/22       AC:  3    Str: 11    XL:     2   Next: 51%
Magic:  2/2        EV: 11    Int: 12    God:
Gold:   29         SH:  4    Dex: 14    Spells: 1/1 levels left

rFire    + . .     SeeInvis .   a - +2 dagger
rCold    . . .     Faith    .   (no shield)
rNeg     . . .     Spirit   .   b - +0 robe
rPois    .         Reflect  .   (no helmet)
rElec    +         Harm     .   c - +0 cloak
rCorr    .         Rampage  .   (no gloves)
Will     .....                  (no boots)
Stlth    +++.......             (no amulet)
HPRegen  0.07/turn              g - ring "Giphos" {+Blink rElec rF+}
MPRegen  0.08/turn              (no ring)

@: brilliant, lethally poisoned (0 -> -1)
A: large bone plates 1
a: Evoke Blink


You were on level 2 of the Dungeon.
You visited 1 branch of the dungeon, and saw 2 of its levels.

You collected 29 gold pieces.

Inventory:

Hand Weapons
 a - a +2 dagger (weapon)
 f - a +0 dagger of draining
Missiles
 d - 8 poisoned darts (quivered)
 e - 2 curare-tipped darts
Armour
 b - a +0 robe (worn)
 c - a +0 cloak (worn)
Jewellery
 g - the ring "Giphos" (left hand) {+Blink rElec rF+}
   (You acquired it on level 1 of the Dungeon)

   [ring of protection from fire]

   It protects you from fire.
   It insulates you from electricity.
   It lets you blink.
Scrolls
 h - 2 scrolls of enchant armour {unknown}
 i - 2 scrolls of identify {unknown}
 k - a scroll of teleportation {unknown}
Potions
 l - a potion of curing {unknown}


   Skills:
 + Level 2.0 Fighting
 * Level 2.0 Short Blades
 + Level 1.8 Throwing
 + Level 0.8 Dodging
 * Level 4.1 Stealth
 * Level 0.4 Evocations


You had one spell level left.
You didn't know any spells.
Your spell library was empty.

Dungeon Overview and Level Annotations

Branches:
Dungeon (2/15)

Altars:


Innate Abilities, Weirdness & Mutations

You are partially covered in large bone plates. (SH +4)


Message History

You completely miss the ball python.
The ball python is severely wounded.
The bat hits you but does no damage. The ball python barely misses you. x2
You barely miss the ball python.
The ball python is severely wounded.
You block the endoplasm's attack. You block the ball python's attack.
The ball python grabs you. The ball python constricts you.
You escape the ball python's grasp.
A bat comes into view.
The ball python bites you. You block the ball python's attack.
The adder bites you. The bat barely misses you. You block the bat's attack.
The adder misses you. The bat barely misses you.
You closely miss the bat. The bat misses you. You block the adder's attack.
You hit the ball python.
You kill the ball python!
The bat closely misses you. The adder bites you but does no damage.
The bat hits you but does no damage. The adder bites you.
You are poisoned.
The adder poisons you!
You hit the bat.
You kill the bat!
You feel sick. The bat hits you but does no damage. The adder bites you.
You feel sick. The bat hits you but does no damage.
The endoplasm closely misses you.
You feel sick. The endoplasm freezes you.
You are frozen.
The adder bites you.
You hit the bat.
You kill the bat!
You feel sick. The endoplasm freezes you.
You are frozen.
* * * LOW HITPOINT WARNING * * *
You block the adder's attack.
Unknown command.
It was a potion of brilliance.
You feel clever all of a sudden.
You die...

.#...........#
.......<.....#
...####......#
+......#
#......#
+......#
#.†....#
#....†.#
#$..J@.#
#...S..#
#......#
########


You could see an adder and an endoplasm.

Vanquished Creatures
  2 ball pythons
  4 bats
  A giant cockroach (D:1)
  2 goblins (D:1)
  A hobgoblin (D:1)
  3 kobolds (D:1)
  2 quokkas (D:1)
  2 rats (D:1)
17 creatures vanquished.

Notes
Turn   | Place    | Note
-------+----------+-------------------------------------------
     0 | D:1      | Snicker the Demonspawn Brigand began the quest for the Orb.
     0 | D:1      | Reached XP level 1. HP: 16/16 MP: 1/1
   126 | D:1      | Identified a scroll of acquirement
   126 | D:1      | Acquired the ring "Giphos" {+Blink rElec rF+}
   222 | D:1      | Reached skill level 4 in Stealth
   226 | D:1      | Gained mutation: You are partially covered in large bone
                  | plates. (SH +4) [demonic ancestry]
   226 | D:1      | Reached XP level 2. HP: 22/22 MP: 2/2
  1070 | D:2      | HP: 1/22 [frozen (5)]
  1071 | D:2      | Succumbed to an adder's poison

Illustrated notes

Levels and vault maps discovered:
D:1:      sevenhm_arrival_forest_fort_small_4, layout_loops_ring
D:2:      layout_basic, shapermc_ecumenical_altar_gd, serial_bayou_pond_e,
          uniq_terence

Skill      XL: |  1  2 |
---------------+-------+-----
Stealth        | 4 |  4.1
Short Blades   | 2 |  2.0
Fighting       | |  2.0
Throwing       | |  1.8
Dodging        | |  0.8
Evocations     | |  0.4

Action                   || total
-------------------------++-------
Melee: Dagger            ||    53
  Use: Scroll            ||     1
       Potion            ||     1
 Stab: Sleeping          ||     2
Armor: Robe              ||    13
Dodge: Dodged            ||    30
Block: Other             ||     8

Table legend: (Time is in decaauts)
 A = Elapsed time spent in this place.
 B = Non-inter-level travel time spent in this place.
 C = Inter-level travel time spent in this place.
 D = Time resting spent in this place.
 E = Time spent auto-exploring this place.
 F = Levels seen in this place.
 G = Mean time per level.
                   A        B        C        D        E       F      G
               +--------+--------+--------+--------+--------+-----+--------+
         Total |   1071 |   1034 |     37 |      0 |    892 |   2 |  535.5 |
       Dungeon |   1071 |   1034 |     37 |      0 |    892 |   2 |  535.5 |
               +--------+--------+--------+--------+--------+-----+--------+

Top non-repeatable levels by time:
     D:1: 1054 daAuts
     D:2: 17 daAuts
